[Event "*** SCC Grand Prix: Titled Tuesday Blitz"]
[Site "Chess.com"]
[Date "2020.07.21"]
[Round "10"]
[White "mattcolins2025"]
[Black "Nayemhaque22"]
[Result "1-0"]
[WhiteElo "2393"]
[BlackElo "2191"]
[TimeControl "180+1"]
[EndTime "12:00:39 PDT"]
[Termination "mattcolins2025 won by resignation"]

1. d4 Nf6 2. c4 e6 3. Nc3 d5 4.
cxd5 exd5 5. Bg5 c6 6. e3 h6 7.
Bh4 Bf5 8. Qf3 Bh7 9. Bxf6 gxf6 10. Nge2 Nd7 11. Ng3 Qb6 12. Qe2 O-O-O 13. Qd2 Bb4 14.
Be2 f5 15. O-O Nf6 16. a3 Bd6 17. Nh5 Nxh5 18. Bxh5 Qc7 19. g3 Qe7 20. Rac1 Kb8 21. b4 Rc8 22. Bf3 h5 23. Rb1 h4 24.
b5 hxg3 25. fxg3 f4 26. exf4 Bxb1 27. Rxb1 c5 28. Nxd5 Qf8 29. b6 a6 30. Nf6 Qe7 31. Nd5 Qf8 32. Nc7 Bxc7 33. bxc7+ Rxc7 34. d5 Qd6 35.
Qa5 c4 36. Qc3 Rd8 37. Qe5 c3 38. Rc1 Qc5+ 39. Kg2 Qxa3 40. Rc2 Qd6 41. Qd4 Qc5 42. Qd3 b5 43. h4 b4 44. Qxa6 Rd6 45. Qa4 Qb6 46. Qb3 Qd4 47. h5 Rb7 48. Re2 Kc7 49.
Re7+ Kb6 50. Re2 Qd3 51. Qxb4+ Ka7 52. Qxd6 c2 53. Qc5+ Rb6 54. Qxc2 Qxc2 55. Rxc2 1-0

[Event "*** SCC Grand Prix: Titled Tuesday Blitz"]
[Site "Chess.com"]
[Date "2020.07.21"]
[Round "10"]
[White "Vesper2018"]
[Black "Igor_Lysyj"]
[Result "0-1"]
[WhiteElo "2586"]
[BlackElo "2808"]
[TimeControl "180+1"]
[EndTime "12:00:42 PDT"]
[Termination "Igor_Lysyj won by resignation"]

1. e4 e5 2. Nf3 Nc6 3. Bc4 Bc5 4. d3 Nf6 5. Bg5 h6 6. Bh4 d6 7.
c3 a6 8. a4 Ba7 9. O-O g5 10. Bg3 Nh7 11. d4 h5 12. h4 Bg4 13.
dxe5 gxh4 14. Qd5 Be6 15. Bxh4 Bxd5 16. exd5 Ne7 17. Re1 O-O 18. exd6 Qxd6 19. Bxe7 Qf4 20. Bxf8 Rxf8 21. Nbd2 Ng5 22. Be2 Kh8 23. Rf1 Rg8 24.
Kh1 h4 25. Rae1 Nxf3 26. Nxf3 Qg4 27. Rg1 Bxf2 28. Ne5 Qf4 29. Ref1 Qxe5 30. Rxf2 Qe3 31. Rgf1 h3 32. g4 Re8 33. Rh2 Qg3 34. Rf3 Qe1+ 35. Bf1 Kg7 36. Rfxh3 Qe4+ 37. Kg1 Re5 38. Rh7+ Qxh7 39.
Rxh7+ Kxh7 40. c4 b6 41. Kf2 a5 42. Bd3+ Kg7 43. b3 f6 44. Kf3 Kf8 45. Be4 Ke7 46.
c5 bxc5 47. Kf4 Kd6 48. Kf3 c4 49. bxc4 Kc5 50. Bd3 Kb4 51. Kf4 Kxa4 52. Be4 Kb4 53. Bf5 a4 54. g5 Rxf5+ 55. Kxf5 fxg5 0-1

[Event "*** SCC Grand Prix: Titled Tuesday Blitz"]
[Site "Chess.com"]
[Date "2020.07.21"]
[Round "10"]
[White "Roza_Idrisova"]
[Black "isainz"]
[Result "0-1"]
[WhiteElo "2233"]
[BlackElo "2148"]
[TimeControl "180+1"]
[EndTime "12:00:42 PDT"]
[Termination "isainz won by checkmate"]

1. d4 Nf6 2. Nf3 g6 3. c4 Bg7 4.
Nc3 O-O 5. e4 d6 6. Be2 e5 7.
O-O Nc6 8. d5 Ne7 9. b4 a5 10.
bxa5 Rxa5 11. a4 Nh5 12. g3 f5 13. Ba3 fxe4 14. Ng5 Nf6 15. Ncxe4 Nxe4 16. Nxe4 Bf5 17. Bf3 Bd7 18. Bb4 Rxa4 19. Rxa4 Bxa4 20. Qxa4 Rxf3 21.
Ng5 Rf5 22. Ne6 Qc8 23. Ra1 e4 24. Re1 Rf7 25. Rxe4 Nf5 26. Nxg7 Nxg7 27. Bc3 Qf5 28. Qc2 Re7 29. f3 Rf7 30. Qe2 Qxf3 31. Qxf3 Rxf3 32. Bxg7 Kxg7 33. Re7+ Rf7 34. Re6 Rf6 35. Re7+ Rf7 36. Re8 Kf6 37. Kf2 b6 38. Kg2 Kf5 39. h3 h5 40. Re2 Kf6 41. g4 hxg4 42. hxg4 Kg5 43. Kg3 Rf4 44. Re7 Rxg4+ 45. Kf3 Rxc4 46. Ke3 Rc5 47. Kd4 Kf5 48. Rf7+ Kg4 49. Rf1 g5 50. Rg1+ Kf5 51. Rf1+ Kg6 52. Rg1 b5 53. Rf1 g4 54.
Rf8 Kg5 55. Rg8+ Kf4 56. Rf8+ Kg3 57. Rg8 Rc4+ 58. Kd3 Kf3 59. Rb8 g3 60. Rxb5 g2 61.
Rb1 Rg4 62. Rg1 Kf2 63. Rc1 g1=Q 64. Rxc7 Qd1+ 65. Kc3 Rg3+ 66. Kb4 Qb1+ 67. Ka5 Ra3# 0-1

[Event "*** SCC Grand Prix: Titled Tuesday Blitz"]
[Site "Chess.com"]
[Date "2020.07.21"]
[Round "10"]
[White "baag"]
[Black "GMBenjaminBok"]
[Result "0-1"]
[WhiteElo "2701"]
[BlackElo "2873"]
[TimeControl "180+1"]
[EndTime "12:00:43 PDT"]
[Termination "GMBenjaminBok won by resignation"]

1. d4 Nf6 2. c4 e6 3. Nc3 Bb4 4. Bd2 O-O 5. Nf3 d5 6. e3 b6 7.
Bd3 dxc4 8. Bxc4 Bb7 9. O-O Nbd7 10. Qe2 c5 11. a3 Bxc3 12. Bxc3 Ne4 13. Rfd1 Nxc3 14. bxc3 Qe7 15. d5 exd5 16. Bxd5 Bxd5 17. Rxd5 Nf6 18. Rdd1 Rfd8 19. c4 h6 20. h3 Ne4 21.
Qc2 Qe6 22. a4 Nd6 23. Rac1 Nb7 24. e4 Na5 25. Rd5 Nc6 26. Rcd1 Re8 27. Rd6 Nb4 28. Rxe6 Nxc2 29. Rxe8+ Rxe8 30. e5 Nb4 31. Rd7 Nc6 32. Rd5 Kf8 33. Kf1 Ke7 34. Ke2 Rd8 35. Rxd8 Kxd8 36.
Kd3 Kd7 37. Ke4 Ke6 38. h4 g6 39. g4 a6 40. h5 g5 41. Nd2 Nxe5 42. f3 f6 43. Ke3 f5 44. gxf5+ Kxf5 45. Ke2 Kf4 46. Ne4 Nxf3 47. Nf6 Nd4+ 48. Kf2 b5 49. cxb5 axb5 50. a5 Nc6 51. a6 b4 52. Nd5+ Ke4 53. Ne7 Na7 54. Ke2 b3 55. Kd2 g4 0-1

[Event "*** SCC Grand Prix: Titled Tuesday Blitz"]
[Site "Chess.com"]
[Date "2020.07.21"]
[Round "10"]
[White "VladaSviridova"]
[Black "KaspMagAlpha"]
[Result "1/2-1/2"]
[WhiteElo "2138"]
[BlackElo "2222"]
[TimeControl "180+1"]
[EndTime "12:00:43 PDT"]
[Termination "Game drawn by repetition"]

1. d4 Nf6 2. c4 e6 3. Nf3 Bb4+ 4. Bd2 c5 5. Bxb4 cxb4 6. g3 O-O 7. Bg2 d6 8. O-O Bd7 9. a3 bxa3 10. Nxa3 Bc6 11. Nc2 Qc8 12. b3 Nbd7 13. Nb4 Be4 14. Re1 b6 15. Bf1 Qb7 16. Nd2 Bg6 17. Bg2 d5 18.
Na6 Rad8 19. Qc1 Rc8 20. Qa3 h6 21. e3 Ra8 22. h3 Rfc8 23. Rec1 Nb8 24. Nxb8 Qxb8 25.
c5 a5 26. b4 axb4 27. Qxb4 Rxa1 28. Rxa1 bxc5 29. Qxb8 Rxb8 30. dxc5 Rc8 31. Rc1 Nd7 32. Nb3 Bd3 33. c6 Ne5 34. Nd4 Bc4 35. e4 Nxc6 36.
Nxc6 Rxc6 37. exd5 exd5 38. Bf1 Kf8 39. g4 Ke7 40. Kh2 Kd6 41. Kg3 Bxf1 42. Rxf1 Rc3+ 43. f3 g5 44. Rd1 Ke5 45. Kf2 d4 46. Re1+ Kd6 47.
Re8 Kd7 48. Re4 Rc4 49. Ke2 Rc2+ 50. Kd3 Rh2 51. Rxd4+ Ke7 52. Ke4 Rxh3 53. Ra4 Kf6 54. Ra6+ Kg7 55. f4 Rg3 56. fxg5 Rxg4+ 57. Kf3 Rxg5 58. Kf4 Rg6 59. Ra5 Rf6+ 60. Kg4 Rg6+ 61. Kh4 Rf6 62. Kg4 Rg6+ 63. Kh4 Rf6 64. Kg4 1/2-1/2

[Event "*** SCC Grand Prix: Titled Tuesday Blitz"]
[Site "Chess.com"]
[Date "2020.07.21"]
[Round "10"]
[White "Phriex"]
[Black "antoszu"]
[Result "0-1"]
[WhiteElo "2392"]
[BlackElo "2549"]
[TimeControl "180+1"]
[EndTime "12:00:44 PDT"]
[Termination "antoszu won on time"]

1. d4 Nf6 2. c4 e6 3. Nc3 Bb4 4. e3 O-O 5. Bd3 d5 6. cxd5 exd5 7. Ne2 Re8 8. O-O c6 9. a3 Bf8 10. b4 Ne4 11. Bxe4 dxe4 12. Bb2 Nd7 13. d5 Ne5 14.
Nxe4 cxd5 15. Bxe5 Rxe5 16. N4g3 h5 17. Qd4 Bd6 18.
f4 Re8 19. Nxh5 Bf8 20. Rad1 Qe7 21. Nhg3 Bd7 22. Nc3 Qxe3+ 23. Qxe3 Rxe3 24. Nxd5 Rxa3 25. Nf6+ gxf6 26. Rxd7 Bxb4 27. Rxb7 Bc5+ 28. Kh1 Re8 29. Nf5 Re2 30. Rc7 Bb6 31. Rc8+ Kh7 32. h3 Raa2 33. Nh4 Bf2 34. Nf3 Bg3 35. Rg1 Bxf4 36. Rc4 Be3 37. Rh4+ Kg7 38. Rg4+ Kf8 39. Rb1 Reb2 40. Rxb2 Rxb2 41.
h4 a5 42. h5 Rb5 43. Rh4 Kg7 44. Rh3 Bf4 45. g3 Bh6 46. g4 a4 47. Nh4 Bg5 48. Nf5+ Kh7 49. Rc3 Ra5 50. Rc7 a3 51. Rxf7+ Kg8 52.
Rg7+ Kf8 53. h6 Bxh6 54. Rh7 Bg5 0-1

[Event "*** SCC Grand Prix: Titled Tuesday Blitz"]
[Site "Chess.com"]
[Date "2020.07.21"]
[Round "10"]
[White "bugsbunny444"]
[Black "AnthonyWirig"]
[Result "0-1"]
[WhiteElo "2586"]
[BlackElo "2710"]
[TimeControl "180+1"]
[EndTime "12:00:45 PDT"]
[Termination "AnthonyWirig won by resignation"]

1. Nf3 Nf6 2. c4 Nc6 3. d4 d6 4.
g3 e5 5. dxe5 dxe5 6. Qxd8+ Kxd8 7. Nc3 Bb4 8. Bd2 Be6 9. b3 h6 10. a3 Bxc3 11. Bxc3 Nd7 12. O-O-O f6 13. Bg2 a5 14.
Nd2 Ke7 15. f4 Nc5 16. Kb2 Rhd8 17. Bxc6 bxc6 18. fxe5 f5 19. Kc2 Rdb8 20. Bd4 Nd7 21. Rhf1 c5 22. Bc3 a4 23. b4 cxb4 24. axb4 Nb6 25. Rf4 g5 26. Rd4 Rd8 27. b5 Rxd4 28.
Bxd4 Nxc4 29. Bc5+ Kf7 30. Nxc4 Bxc4 31. Rd7+ Ke6 32.
Rxc7 Bxb5 33. e3 Kxe5 34. Bd4+ Ke4 35. Re7+ Kf3 36. Re5 Bd7 37. Kc3 a3 38. Kb4 a2 39.
Ba1 Kg2 40. Re7 Bc6 41. Rh7 Be4 42. Rxh6 g4 43. Kc3 Rb8 44. Rd6 Rb1 45. Bb2 a1=Q 46. Bxa1 Rxa1 47. Rd2+ Kf3 48. Kd4 Ra4+ 49. Ke5 Kxe3 50.
Rb2 Rc4 51. Kf6 Rc2 52. Rxc2 Bxc2 53. Kg5 Kf3 54. Kh4 Be4 55. h3 Bd3 56. hxg4 fxg4 0-1

[Event "*** SCC Grand Prix: Titled Tuesday Blitz"]
[Site "Chess.com"]
[Date "2020.07.21"]
[Round "10"]
[White "Efremov_Vlad"]
[Black "dpopadic"]
[Result "0-1"]
[WhiteElo "2183"]
[BlackElo "2356"]
[TimeControl "180+1"]
[EndTime "12:00:45 PDT"]
[Termination "dpopadic won by resignation"]

1. d4 Nf6 2. c4 g6 3. Nf3 Bg7 4. g3 d6 5. Bg2 O-O 6. O-O Nbd7 7. Nc3 e5 8. e4 exd4 9. Nxd4 Re8 10. Re1 a6 11. h3 Rb8 12. b3 c5 13. Nde2 b5 14.
Qxd6 b4 15. Nd5 Nxe4 16. Bxe4 Rxe4 17. Rb1 Re6 18. Qf4 Qe8 19. Be3 Re4 20. Qf3 Bb7 21. Red1 f5 22. Nef4 Ne5 23. Qg2 Nd7 24.
Rd2 Nf6 25. Nxf6+ Bxf6 26. Nd5 Bg7 27. Rbd1 Qf8 28. Bf4 Rbe8 29. Kh2 Bd4 30. f3 Re1 31.
Bg5 Qd6 32. Rxe1 Rxe1 33. Bf4 Qe6 34. Nc7 Qe7 35. Nd5 Qe8 36. Nc7 Qc6 37. Re2 Rxe2 38.
Qxe2 Kf7 39. Nd5 Qe6 40. Qxe6+ Kxe6 41. Nc7+ Kd7 42. Kg2 g5 43. Bxg5 Kxc7 44. g4 fxg4 45. hxg4 Kd7 46. Kg3 Ke6 47. f4 Be4 48. Kh4 Bb1 49.
f5+ Kf7 50. Kh5 Bxa2 51. Kh6 Kg8 52. Bf4 Bxb3 53. g5 Bxc4 54. g6 hxg6 55. fxg6 b3 0-1

[Event "*** SCC Grand Prix: Titled Tuesday Blitz"]
[Site "Chess.com"]
[Date "2020.07.21"]
[Round "10"]
[White "sasko1234"]
[Black "novocane"]
[Result "1-0"]
[WhiteElo "2388"]
[BlackElo "2265"]
[TimeControl "180+1"]
[EndTime "12:00:46 PDT"]
[Termination "sasko1234 won on time"]

1. b3 a5 2. Bb2 a4 3. bxa4 Rxa4 4.
e3 Nf6 5. Nf3 e6 6. Nc3 Ra8 7.
Bd3 d5 8. O-O Bd6 9. e4 dxe4 10.
Nxe4 Be7 11. Qe2 Nbd7 12. Nfg5 Nxe4 13. Nxe4 Nf6 14. Ng5 h6 15. Nf3 O-O 16. Ne5 Ba3 17. Bc3 Nd5 18. Qe4 f5 19. Qc4 Nxc3 20. Qxc3 Bd6 21.
Rfe1 Qf6 22. f4 Ra3 23. Qb2 Ra5 24. Kh1 g5 25. Bc4 gxf4 26. d4 c6 27. Qb3 b5 28.
Be2 Ra6 29. Bf3 Bxe5 30. Rxe5 Bd7 31. Rae1 Ra4 32. c3 Rc4 33. h3 Ra4 34. R1e2 Rfa8 35. Qb1 Kg7 36. Qc1 Rxa2 37. Rxa2 Rxa2 38. Kh2 Qg5 39. Kh1 Qg3 40. Re1 Rf2 41. Rf1 Rxf1+ 42. Qxf1 Qg6 43. Qe2 Qf6 44. c4 bxc4 45. Qxc4 Qh4 46.
Qc3 Qf6 47. Qd2 Qe7 48. Qxf4 Qb4 49. Qe5+ Kf7 50. Kh2 Kf8 51. Bh5 Ke7 52. Bf3 1-0

[Event "*** SCC Grand Prix: Titled Tuesday Blitz"]
[Site "Chess.com"]
[Date "2020.07.21"]
[Round "10"]
[White "aa175"]
[Black "vinniethepooh"]
[Result "1/2-1/2"]
[WhiteElo "2500"]
[BlackElo "2661"]
[TimeControl "180+1"]
[EndTime "12:00:50 PDT"]
[Termination "Game drawn - insufficient material"]

1. d4 Nf6 2. Nf3 e6 3. Bf4 d5 4.
e3 c5 5. Nbd2 Nc6 6. c3 cxd4 7.
exd4 Nh5 8. Be3 Bd6 9. Ne5 g6 10. Bb5 O-O 11. Nxc6 bxc6 12. Bxc6 Rb8 13. Qc2 Qb6 14.
Ba4 Ba6 15. b4 Rfc8 16. Qb3 f5 17. Bd7 f4 18. Bxe6+ Kg7 19. Bxc8 Rxc8 20. Qxd5 fxe3 21. Ne4 exf2+ 22. Kxf2 Nf6 23. Nxf6 Kxf6 24. Rae1 Kg7 25. Re6 Rf8+ 26. Ke1 Rd8 27. Kd1 Qc7 28. Rhe1 Bc4 29.
Qxd6 Rxd6 30. Re7+ Qxe7 31. Rxe7+ Kf6 32. Rxh7 Ra6 33.
Rc7 Be6 34. c4 Rxa2 35. d5 Bg4+ 36. Ke1 Ke5 37. h3 Bf5 38. Re7+ Kd4 39. d6 Kxc4 40. d7 Bxd7 41. Rxd7 Kxb4 42. Rd6 g5 43. Rd4+ Kc3 44. Rg4 Ra5 45. Kf2 Rf5+ 46. Kg3 a5 47. Ra4 Kb3 48. Ra1 a4 49. Kg4 Rc5 50. g3 a3 51. h4 gxh4 52.
gxh4 Kb2 53. Rxa3 Kxa3 54. h5 Rc2 55. h6 Rg2+ 56. Kf5 Kb4 57. h7 Rh2 58. Kg6 Kc5 59.
Kg7 Kd6 60. h8=Q Rxh8 61. Kxh8 1/2-1/2

[Event "*** SCC Grand Prix: Titled Tuesday Blitz"]
[Site "Chess.com"]
[Date "2020.07.21"]
[Round "10"]
[White "alexsergeyev"]
[Black "vova-79"]
[Result "0-1"]
[WhiteElo "2349"]
[BlackElo "2485"]
[TimeControl "180+1"]
[EndTime "12:00:50 PDT"]
[Termination "vova-79 won on time"]

1. d4 d5 2. c4 e6 3. Nc3 c6 4. Nf3 Nf6 5. cxd5 exd5 6. Bg5 h6 7. Bh4 Bf5 8. Rc1 Nbd7 9. e3 Qb6 10. Bxf6 Nxf6 11.
Bd3 Bxd3 12. Qxd3 Qxb2 13. O-O Qb6 14. Na4 Qd8 15. Qb3 Rb8 16. Ne5 Bd6 17. Nc5 Bxc5 18.
Rxc5 Nd7 19. Nxd7 Qxd7 20. Qa4 O-O 21. Rb1 a6 22. Rb6 Rbc8 23. Qb4 Rc7 24. a4 f5 25. g3 g5 26. Qb1 Qg7 27. a5 f4 28.
exf4 gxf4 29. Rc3 Qxd4 30. Qg6+ Qg7 31. Qe6+ Kh8 32. Rf3 Rcf7 33. Rbb3 fxg3 34. Rxg3 Qa1+ 35. Kg2 Rxf2+ 36. Kh3 Qf6 37. Qxf6+ R2xf6 38. Rxb7 Rf3 39.
Rb6 Rxg3+ 40. hxg3 c5 41. Rxa6 c4 42. Rd6 Rc8 43.
Rxd5 c3 44. Rd1 Kg7 45. Rc1 Kf6 46. a6 Ke5 47. a7 Kd4 48. Kh4 Ra8 49. Kh5 Rxa7 50.
Kxh6 Ra6+ 51. Kh5 Ra5+ 52. Kh6 Ra6+ 53. Kh5 Kd3 54. g4 Kd2 0-1

[Event "*** SCC Grand Prix: Titled Tuesday Blitz"]
[Site "Chess.com"]
[Date "2020.07.21"]
[Round "10"]
[White "Kobalia"]
[Black "AlexOstrovskiy"]
[Result "1-0"]
[WhiteElo "2765"]
[BlackElo "2637"]
[TimeControl "180+1"]
[EndTime "12:00:52 PDT"]
[Termination "Kobalia won by checkmate"]

1. e4 c6 2. d4 d5 3. exd5 cxd5 4.
Bd3 Nc6 5. c3 Qc7 6. Ne2 Bg4 7.
O-O e6 8. Qe1 Be7 9. Bf4 Qb6 10.
Nd2 Bh5 11. Nb3 Bg6 12. Qd1 Nf6 13. Re1 O-O 14. Ng3 Bxd3 15. Qxd3 a5 16. Nd2 a4 17. a3 Ra5 18. Rab1 Rb5 19. Qc2 Qa6 20. Nf3 Rc8 21. Rbd1 Qb6 22. Bc1 Na5 23. Ne5 Nb3 24. Bg5 Nxd4 25.
Qxa4 Nc6 26. Bxf6 Bxf6 27. Nd7 Qa5 28. Nxf6+ gxf6 29. Qg4+ Kf8 30. Nh5 f5 31. Qg7+ Ke7 32. Qf6+ Kd6 33. Qxf7 Nd8 34. Qf8+ Kc7 35. Nf6 Kb8 36.
Nd7+ Ka7 37. Rxe6 Nxe6 38. Qxc8 Rxb2 39. Qb8+ Ka6 40. Qd6+ Kb5 41. Qxe6 Qxc3 42. Qb6+ Ka4 43. Qa7+ Kb3 44. Qxb7+ Ka2 45. Qxd5+ Kxa3 46. Ra1+ Kb4 47. Qb7+ Kc4 48. Qc6+ Kb3 49. Ra3+ Kxa3 50. Qxc3+ Ka2 51. Qxb2+ Kxb2 52. Nf6 f4 53. Nxh7 Kc2 54. h4 Kd3 55.
h5 Ke4 56. Ng5+ Kf5 57. h6 Kg6 58. h7 Kg7 59. Kh2 f3 60. gxf3 Kh8 61. f4 Kg7 62. f5 Kh8 63. Kg3 Kg7 64. f6+ Kg6 65. f7 Kf5 66.
f8=Q+ Kg6 67. Qg8+ Kh5 68. h8=Q# 1-0

[Event "*** SCC Grand Prix: Titled Tuesday Blitz"]
[Site "Chess.com"]
[Date "2020.07.21"]
[Round "10"]
[White "Chessmasterzt"]
[Black "aNaartjieZA"]
[Result "1/2-1/2"]
[WhiteElo "2589"]
[BlackElo "2460"]
[TimeControl "180+1"]
[EndTime "12:00:54 PDT"]
[Termination "Game drawn by repetition"]

1. d4 Nf6 2. Nf3 g6 3. c4 Bg7 4. Nc3 O-O 5. e4 d6 6. Be2 c5 7. O-O cxd4 8. Nxd4 Nc6 9. Be3 Bd7 10. h3 Nxd4 11.
Bxd4 Qa5 12. Qc2 Rfc8 13. Rab1 Be6 14. b3 b5 15. b4 Qd8 16. cxb5 Bc4 17. Bxc4 Rxc4 18.
Qd3 Rac8 19. Bxf6 Bxf6 20. Nd5 Bg7 21. a4 e6 22. Nf4 Qb6 23. Ne2 Bh6 24. Rfd1 Rc2 25. a5 Qb7 26. Nd4 R2c7 27. Nc6 Bf8 28. a6 Qb6 29. Rbc1 Bh6 30. Rc2 Bf8 31. h4 h5 32. g3 Kh7 33. Kg2 Rd7 34. Qe2 d5 35. Rcd2 Rxc6 36. bxc6 Qxc6 37. exd5 exd5 38. Kh2 Bxb4 39.
Rc2 Qf6 40. Rd3 d4 41. Rf3 Qb6 42. Qd3 Re7 43. Re2 Rc7 44. Re4 Bc3 45. Ref4 Kg7 46. Rf6 Qxf6 47. Rxf6 Kxf6 48. Kg2 Kg7 49. Kf3 Re7 50. Qb5 Bd2 51. Qc5 Rd7 52. Qb5 Re7 53. Qc5 Rd7 54. Qc6 Re7 55. Qb7 Kf6 56. Qc6+ Kg7 57.
Qb7 Kf6 58. Qc6+ Kg7 1/2-1/2

[Event "*** SCC Grand Prix: Titled Tuesday Blitz"]
[Site "Chess.com"]
[Date "2020.07.21"]
[Round "10"]
[White "51616516516"]
[Black "chessbia"]
[Result "0-1"]
[WhiteElo "2371"]
[BlackElo "2204"]
[TimeControl "180+1"]
[EndTime "12:00:54 PDT"]
[Termination "chessbia won on time"]

1. d4 d5 2. c4 e6 3. Nc3 Nf6 4. cxd5 exd5 5. Bg5 Be7 6. e3 c6 7. Qc2 O-O 8. Bd3 h6 9. Bh4 Nbd7 10. Nge2 Re8 11.
O-O Nh5 12. Bxe7 Qxe7 13. Rab1 a5 14. a3 b5 15. Rfe1 Nb6 16. Nc1 Qg5 17. N3e2 Bd7 18. Nb3 Nc4 19. Nc5 Ra7 20. Ng3 Nxg3 21. hxg3 h5 22.
Nxd7 Rxd7 23. b3 Nxa3 24. Qxc6 Red8 25. Rbc1 b4 26. Rc5 Rd6 27. Qa4 h4 28. gxh4 Qxh4 29. Qxa5 Rh6 30. Kf1 Re8 31. Qxb4 Qg4 32. Kg1 Qh4 33.
Kf1 Qg4 34. f3 Qg3 35. Ke2 Qxg2+ 36. Kd1 Rh2 37. Re2 Qg1+ 38. Qe1 Qxe1+ 39. Kxe1 Rxe2+ 40. Kxe2 Rb8 41. Ra5 Rxb3 42. Kd2 g6 43. Bc2 Nxc2 44. Kxc2 Rxe3 45. Rxd5 Rxf3 46. Kd2 Kf8 47. Ke2 Rf6 48. Ke3 Re6+ 49. Kd3 Ke7 50. Ra5 Rd6 51. Ra7+ Ke6 52. Ra8 f5 53. Re8+ Kf7 54. Ra8 g5 55. Ra5 Kf6 56.
Ke3 g4 57. Rb5 Kg5 58. Kf2 Kf4 0-1

[Event "*** SCC Grand Prix: Titled Tuesday Blitz"]
[Site "Chess.com"]
[Date "2020.07.21"]
[Round "10"]
[White "vladislavkovalev"]
[Black "Indianlad"]
[Result "1-0"]
[WhiteElo "2918"]
[BlackElo "2977"]
[TimeControl "180+1"]
[EndTime "12:00:55 PDT"]
[Termination "vladislavkovalev won by checkmate"]

1. e4 e5 2. Nf3 Nc6 3. Bb5 a6 4. Ba4 f5 5. d3 fxe4 6. dxe4 Nf6 7. O-O d6 8. Nc3 Be7 9. Bb3 Na5 10. Qd3 Nxb3 11. axb3 O-O 12. Qc4+ Kh8 13. Ng5 Qe8 14. Qxc7 h6 15. Nf3 Bg4 16. Be3 Bxf3 17. gxf3 Qg6+ 18.
Kh1 Qh5 19. Rg1 Qxf3+ 20. Rg2 Rf7 21. Qxb7 Raf8 22. Qxa6 Nxe4 23. Nxe4 Qxe4 24. Qc4 Qf3 25. Qg4 Qc6 26. c4 d5 27. cxd5 Qxd5 28. Qc4 Qb7 29. Rd1 Qf3 30. Qg4 Qb7 31. Qc4 Bf6 32. b4 Rc7 33.
Qg4 Rc2 34. h3 Rfc8 35. Rd7 R2c7 36. Rxc7 Qxc7 37. b5 Rd8 38. b6 Qb7 39. Qe6 e4 40.
Kh2 Qb8+ 41. Kh1 Re8 42. Qf5 Qd8 43. Rg6 Qd1+ 44. Kg2 Re5 45. Rxh6+ Kg8 46. Qh7+ Kf7 47. Qg6+ Ke7 48. Rh7 Qf3+ 49. Kh2 Re6 50. Rxg7+ Kd6 51. Qf7 Be5+ 52. Kg1 Qd1+ 53. Kg2 Bxg7 54. Qxg7 Qf3+ 55. Kh2 Qf6 56. Qc7+ Kd5 57. Qc5# 1-0

[Event "*** SCC Grand Prix: Titled Tuesday Blitz"]
[Site "Chess.com"]
[Date "2020.07.21"]
[Round "10"]
[White "MNyuyu"]
[Black "Kildepiotr"]
[Result "1-0"]
[WhiteElo "2427"]
[BlackElo "2593"]
[TimeControl "180+1"]
[EndTime "12:00:55 PDT"]
[Termination "MNyuyu won by resignation"]

1. d4 c5 2. e3 Nf6 3. c3 d5 4. Nf3 Bg4 5. Be2 e6 6. Nbd2 Nbd7 7. O-O Bd6 8. b3 O-O 9. Bb2 cxd4 10. cxd4 Qa5 11. Ne5 Bxe2 12. Qxe2 Rfc8 13. Nxd7 Nxd7 14. Nf3 Rc7 15. a3 Rac8 16. b4 Qa4 17. Rac1 Rc2 18. Qd3 R8c7 19. Rb1 Nb6 20. e4 dxe4 21. Qxe4 h6 22.
d5 Nxd5 23. Nd4 R2c4 24. Qd3 Qd7 25. g3 b5 26. Nf3 a6 27. Rfd1 Qe7 28. Nd2 R4c6 29.
Ne4 Rc8 30. Re1 Nb6 31. Rbd1 Nc4 32. Ba1 Bc7 33. Qd4 Be5 34. Qd3 Bxa1 35. Rxa1 Rd8 36. Qf3 Ne5 37. Qh5 Rd5 38. Qe2 Qc7 39. Nc5 Rcd6 40.
Rac1 Nc4 41. Ne4 Rd8 42. a4 Qe5 43. axb5 axb5 44. Nc3 Qxe2 45. Rxe2 Rf5 46. g4 Rg5 47. h3 Nd6 48. f4 Rd5 49. Nxd5 exd5 50. Rc5 d4 51. Rd5 Kf8 52. Rxd4 Nb7 53. Rxd8+ Nxd8 54. Re5 Ne6 55. Rxb5 Nxf4 56. Kh2 Ke7 57. Rb7+ Ke6 58. b5 Nd5 59. b6 g5 60. Rb8 Kd7 61. b7 Kc7 62.
Rd8 1-0

[Event "*** SCC Grand Prix: Titled Tuesday Blitz"]
[Site "Chess.com"]
[Date "2020.07.21"]
[Round "10"]
[White "Jumbo"]
[Black "Carnivoras"]
[Result "1-0"]
[WhiteElo "2863"]
[BlackElo "2654"]
[TimeControl "180+1"]
[EndTime "12:00:56 PDT"]
[Termination "Jumbo won by checkmate"]

1. d4 d5 2. c4 c6 3. Nf3 e6 4. Qb3 Nf6 5. Bg5 Nbd7 6. e3 h6 7.
Bh4 Be7 8. Nc3 O-O 9. Qc2 a6 10. a4 Rb8 11. a5 b5 12. axb6 Qxb6 13. Ra2 dxc4 14. Bxc4 c5 15. d5 exd5 16. Bxd5 a5 17. O-O Ba6 18. Rd1 c4 19. Nd4 Ne5 20. Nf5 Rfe8 21. Bg3 Bf8 22. h3 g6 23. Nh4 Qb3 24.
Qxb3 Rxb3 25. Rxa5 Bc8 26. Bxe5 Rxe5 27. Bxf7+ Kxf7 28. Rxe5 Rxb2 29. Rb5 Rc2 30. Nd5 Ne4 31. Ra5 Rxf2 32. Ra7+ Kg8 33. Ra8 Bf5 34. Ne7+ Kf7 35. Nexf5 gxf5 36. Ra7+ Ke6 37. Ra6+ Kf7 38. Ra5 Ke6 39.
Ra6+ Kf7 40. Rc6 Rc2 41. Rd7+ Ke8 42. Rd5 c3 43. Nxf5 Rc1+ 44. Kh2 c2 45. Rc4 Nf6 46.
Rd2 Ne4 47. Rdxc2 Rf1 48. Rc8+ Kf7 49. g4 Ng5 50. Kg2 Ra1 51. h4 Ne6 52. R8c4 Kg6 53. Rf2 Ba3 54. h5+ Kg5 55. Re4 Nf8 56. Ng3 Kh4 57. g5+ Kxg5 58. Rf5# 1-0

[Event "*** SCC Grand Prix: Titled Tuesday Blitz"]
[Site "Chess.com"]
[Date "2020.07.21"]
[Round "10"]
[White "petroniy_arbitr"]
[Black "Margarita2907"]
[Result "1-0"]
[WhiteElo "2254"]
[BlackElo "2088"]
[TimeControl "180+1"]
[EndTime "12:00:56 PDT"]
[Termination "petroniy_arbitr won on time"]

1. d4 d5 2. c4 e6 3. Nc3 Nf6 4.
cxd5 exd5 5. Bg5 Be7 6. e3 O-O 7. Bd3 c6 8. Qc2 Nbd7 9. Nf3 h6 10. Bf4 Nh5 11. Be5 Nxe5 12. Nxe5 Nf6 13. O-O Bd6 14. f4 Re8 15. Rae1 Qc7 16. Kh1 a6 17. Ne2 c5 18. Ng3 cxd4 19. Qxc7 Bxc7 20. exd4 Bb6 21. Ne2 Bd7 22. Rc1 Rac8 23. g3 Bb5 24. Bxb5 axb5 25.
a3 Ne4 26. Kg2 f6 27. Nf3 Nd6 28. Nc3 Nc4 29. Nxd5 Ba7 30. b3 Ne3+ 31. Nxe3 Rxc1 32. Rxc1 Rxe3 33. Rc7 Rxb3 34. Rxb7 Rxa3 35. Rxb5 Ra4 36.
d5 Ra2+ 37. Kh3 Kf7 38. Rb7+ Kf8 39. d6 Be3 40. Nh4 Rd2 41. d7 Bg1 42. Ng6+ Kg8 43.
Rb8+ Kh7 44. d8=Q Rxd8 45. Rxd8 Kxg6 46. Kg4 h5+ 47. Kh3 Bc5 48. Kg2 Kh6 49. Rd7 g5 50.
Kf3 gxf4 51. Kxf4 Bf8 52. Kf5 Bg7 53. Rf7 Bh8 54. h4 1-0

[Event "*** SCC Grand Prix: Titled Tuesday Blitz"]
[Site "Chess.com"]
[Date "2020.07.21"]
[Round "10"]
[White "Mikasinski"]
[Black "Fh2411"]
[Result "0-1"]
[WhiteElo "2429"]
[BlackElo "2582"]
[TimeControl "180+1"]
[EndTime "12:01:00 PDT"]
[Termination "Fh2411 won on time"]

1. e4 c5 2. Nf3 e6 3. d4 cxd4 4. Nxd4 a6 5. Be2 Qc7 6. O-O Nf6 7. Nc3 b5 8. Bf3 Nc6 9. e5 Ng8 10. Nxc6 dxc6 11. Bf4 Ne7 12. Ne4 Nd5 13. Bg3 Bb7 14.
Nd6+ Bxd6 15. exd6 Qd7 16. Qd4 O-O 17. Qc5 Rfc8 18.
b3 b4 19. a3 a5 20. axb4 axb4 21. Rfe1 Qd8 22. h3 Qb6 23. Qxb6 Nxb6 24. Be5 Nd7 25.
Bd4 Ba6 26. Ra4 Bb5 27. Rxb4 Ra2 28. c4 Ba6 29. c5 Ra5 30. Ra4 Rxa4 31. bxa4 Bc4 32.
Rb1 Ba6 33. Kh2 f6 34. Be3 Kf7 35. Kg3 g6 36. Rb2 e5 37. Be2 Bxe2 38. Rxe2 Ra8 39. Ra2 Ra5 40. Kf3 Ke6 41. Ke2 f5 42. Kd3 f4 43. Bd2 Nxc5+ 44. Kc4 Rxa4+ 45. Rxa4 Nxa4 46. Kb4 Nb6 47. Kc5 Nd7+ 48. Kxc6 g5 49. Kc7 e4 50. Bc1 h6 51. Bd2 Ne5 52. Bc1 Nd7 53. Bd2 Nf6 54.
Bc1 Ne8+ 55. Kc6 Nxd6 56. Ba3 Nf5 57. Bf8 Ke5 58. Kc5 e3 59. fxe3 fxe3 60. Kc4 Ke4 61. Bb4 Nh4 62. g3 Nf3 63. Ba5 h5 64. Kb3 Kd3 0-1

[Event "*** SCC Grand Prix: Titled Tuesday Blitz"]
[Site "Chess.com"]
[Date "2020.07.21"]
[Round "10"]
[White "RubensCezila"]
[Black "KaterynaLagno"]
[Result "0-1"]
[WhiteElo "2577"]
[BlackElo "2725"]
[TimeControl "180+1"]
[EndTime "12:01:03 PDT"]
[Termination "KaterynaLagno won on time"]

1. c4 Nf6 2. Nc3 g6 3. Nf3 Bg7 4. g3 O-O 5. Bg2 Nc6 6. O-O d5 7. cxd5 Nxd5 8. a3 Re8 9. d4 Nb6 10. e3 e5 11. d5 Na5 12. Nd2 Nac4 13. Nxc4 Nxc4 14. Qe2 Nd6 15. e4 Bd7 16. Be3 f5 17. f3 Qf6 18. Rac1 h5 19. a4 a6 20. h4 f4 21. gxf4 exf4 22. Bf2 Nf5 23. Qc4 Ng3 24.
Qxc7 Qxh4 25. Qxd7 Bxc3 26. Bxg3 fxg3 27. Rfd1 Be5 28. Qxb7 Rf8 29. Rc6 Qh2+ 30. Kf1 Rxf3+ 31. Ke1 Qg1+ 32. Kd2 Qxg2+ 33. Kc1 Rb8 34. Rc8+ Rxc8+ 35. Qxc8+ Kg7 36. Qb7+ Kh6 37. d6 Rf8 38. d7 Qf2 39.
Qb4 Qf4+ 40. Qd2 Qxd2+ 41. Kxd2 Rd8 42. Ke3 Kg5 43. Kf3 Kf6 44. Rd5 h4 45. b4 g5 46.
b5 axb5 47. axb5 g4+ 48. Kxg4 g2 49. Rd1 Rxd7 50. Rg1 Rg7+ 51. Kh3 Rg3+ 52. Kxh4 Ke6 53. b6 Kd7 54. Rd1+ Kc8 55. Rg1 Kb7 56. Kh5 Kxb6 57.
Kh4 Kc5 58. Rc1+ Kd4 59. Rd1+ Kxe4 60. Re1+ Kf5 61. Rg1 Kf4 62. Kh5 Kf3 63. Kh4 Kf2 0-1